Merlek, neutral female valkyrie Shieldmaiden -------- |..<--..- -......... ......... ...%..... ....%.%... -...%@G.. --..%... |..... ---. Merlek the Shieldmaiden Experience level: 5 Strength: 18/01 Dexterity: 13 Constitution: 18 Intelligence: 7 Wisdom: 11 Charisma: 7 Health: 0(42) Energy: 12(12) Def: 5 Gold: 383 Moves: 739 Dungeon seed [set]: Game ID: Merlek_1695665695 Your Inventory: Coins $ - 383 gold pieces Amulets r - a cursed amulet of change Weapons a - an uncursed corroded +2 war hammer (weapon in hand) b - an uncursed +0 dagger k - a blessed +1 short sword m - 11 blessed +3 shuriken (in quiver) A - 3 blessed +1 darts C - a blessed +1 dwarvish mattock F - 12 uncursed +0 darts Armor e - an uncursed +3 small shield (being worn) n - a blessed +0 pair of speed boots (being worn) z - an uncursed +0 scale mail D - an uncursed +0 pair of iron shoes Y - an uncursed +0 dwarvish iron helm Comestibles d - 2 uncursed food rations f - 3 uncursed sprigs of wolfsbane h - 3 uncursed lichen corpses q - an uncursed fortune cookie s - 2 uncursed melons t - an uncursed cream pie u - an uncursed egg x - an uncursed tin of green mold Scrolls i - an uncursed scroll of gold detection w - an uncursed scroll of scare monster G - an uncursed scroll of magic mapping Potions g - an uncursed potion of confusion E - an uncursed potion of object detection Wands c - an uncursed wand of cold (0:4) p - an uncursed wand of polymorph (0:8) Tools j - an uncursed tooled horn l - an uncursed oil lamp (lit) (0:1006) o - an uncursed wooden harp v - an uncursed expensive camera (0:90) H - an uncursed tin whistle Gems y - an uncursed jasper N - 2 uncursed worthless pieces of orange glass Spells and supernatural/magical abilities: Name Level Category Fail Memory W - pray for help -- divine ? -- Your skills at the end: Miscellaneous Skills shield [Basic] wands [Basic] stealth [Basic] Weapon Skills dagger [Basic] hammer [Basic] Spellcasting Skills Final Attributes: You were devoutly aligned. You were cold resistant. You were stealthy. You could fly. You were very fast. You are dead. Vanquished creatures: a gnome lord a golden naga hatchling a puppy 3 dwarves a kobold lord a werejackal a coyote an acid blob a gecko a hobgoblin a yellow mold 3 gnomes a fox 3 kobolds 3 newts 5 sewer rats 4 grid bugs a bat 4 lichens 37 creatures vanquished. Voluntary challenges: You did not adorn yourself with jewelry or accessories. You did not cause conflict. You were not invisible. You did not have reflection. You were not displaced. You were an atheist. You used a wielded weapon 45 times, starting on turn 2. You did not use containers. You did not apply a unicorn horn. You did not use plumbed fixtures. You did not drink any magical draughts. You were illiterate. You never genocided any monsters. You never polymorphed an object. You never changed form. You used no wishes. You did not use any artifacts. You never split a pudding. You never wrote Elbereth's name. You never violated your personal moral code. Dungeon overview: The Dungeons of Doom: levels 1 to 4 Level 1 (vault) a vault a long staircase Level 2 a vault, a potion shop Level 3 stairs to The Gnomish Mines Level 4 a sink The Gnomish Mines: levels 4 to 5 Level 4 stairs to The Dungeons of Doom Level 5 <- You were here History has recorded: On T:1 you entered the Dungeons of Doom to retrieve the Amulet of Yendor! On T:128 you reached level 2 of The Dungeons of Doom. On T:257 you advanced to experience level 2. On T:280 you reached level 3 of The Dungeons of Doom. On T:404 you reached level 4 of The Dungeons of Doom. On T:464 you advanced to experience level 3. On T:629 you reached level 1 of The Gnomish Mines. On T:643 you advanced to experience level 4. On T:718 you reached level 2 of The Gnomish Mines. On T:733 you advanced to experience level 5. Score breakdown: Gold: 383 ( 38 points) Experience: 5 levels ( 400 points) Exploration: 5 levels ( 120 points) Discoveries: 1 item ( 50 points) Variety of kills: 19 monsters ( 950 points) Major goal: (nothing yet) ( 0 points) Survival: died (score multiplied by 3) Total score: 4674 Latest messages: The golden naga hatchling bites! You hit the golden naga hatchling! You kill the golden naga hatchling! You see here a golden naga hatchling corpse. You kill the gecko! The gnome king wields a bow! You hit the dwarf! You kill the dwarf! Welcome to experience level 5. The werejackal picks up a tripe ration. You hit the werejackal! The werejackal changes into a jackal. The werejackal claws you! You kill the werejackal! The gnome king swings his bow at you. The gnome king hits! The gnome king punches you! You hit the gnome king! The gnome king swings his bow at you. The gnome king hits! The gnome king punches you! You hit the gnome king! The gnome king swings his bow at you. The gnome king hits! The gnome king punches you! You die... Final status: Goodbye Merlek the Shieldmaiden, killed by a gnome king... You died in The Gnomish Mines on dungeon level 5 with 4674 points, and 383 pieces of gold, after 739 moves. You were level 5 with a maximum of 42 hit points when you died.